AoeStats
← LukKing ♿

Black Forest

503464952Analyzed
4v4 RM · 1mo ago on Aug 31, 2026· 22m 53s· 8 players
Game mode
Random Map
Map size
Large (8 player)
Population
200
Speed
Normal
Resources
Standard
Victory
Conquest
Starting age
Dark Age
Ending age
Imperial Age
RankedLock teamsTeams togetherTeam positionsShared explorationLock speedFull tech treeHidden civsTurbo modeCheats
Victory
Defeat
🇨🇿 Cumans · Czechia
1000
+11
🇨🇿 Armenians · Czechia
987
+12
🇨🇿 Bohemians · Czechia
983
+12
🇨🇿 Poles · Czechia
860
+18
🇹🇷 Burgundians · Türkiye
925
-15
🇬🇧 Khmer · United Kingdom
916
-14
🇵🇱 Franks · Poland
908
-14
🇨🇱 Romans · Chile
839
-11
Remoaner In Chief
0:40 Loom
14:09 Feudal Age
16:09 Wheelbarrow
18:44 Castle Age
17:03 Double-Bit Axe
17:38 Horse Collar
Butch
0:36 Loom
15:49 Feudal Age
17:38 Man-at-Arms
18:29 Double-Bit Axe
18:45 Horse Collar
21:00 Forging
20:50 Scale Mail Armor
mateuszes
0:33 Loom
13:05 Feudal Age
18:31 Castle Age
22:07 Wheelbarrow
21:20 Double-Bit Axe
eerc
7:29 Loom
13:16 Feudal Age
13:52 Double-Bit Axe
15:27 Bow Saw
18:43 Castle Age
upreal
2:10 Loom
10:59 Feudal Age
11:44 Horse Collar
11:51 Double-Bit Axe
13:28 Wheelbarrow
15:02 Man-at-Arms
19:23 Fletching
22:55 Castle Age
h9ard
6:19 Loom
10:45 Feudal Age
11:39 Double-Bit Axe
14:12 Horse Collar
15:08 Man-at-Arms
16:26 Long Swordsman
17:24 Scale Mail Armor
18:09 Forging
19:00 Arson
LukKing ♿
11:14 Feudal Age
12:11 Horse Collar
18:58 Forging
19:34 Bloodlines
21:07 Scale Barding Armor
24:55 Castle Age
カニ
9:06 Loom
12:27 Feudal Age
14:14 Double-Bit Axe
24:33 Castle Age
Connection lost

Rejoining the realm…

Still unreachable

The connection could not be restored.

Session expired

The server has moved on; the page needs a fresh start.